 Dungeon Crawl Stone Soup version 0.31-a0-557-g6e16503903 (webtiles) character file.

Game seed: 9738436234578918841

70 Aj7335 the Chopper (level 4, -3/41 HPs)
             Began as a Minotaur Berserker on Aug 16, 2023.
             Was a Believer of Trog.
             Slain by a hobgoblin
             ... wielding a +0 club
             ... led by Robin
              (8 damage)
             ... on level 2 of the Dungeon.
             The game lasted 00:03:01 (1139 turns).

Aj7335 the Chopper (Minotaur Berserker)             Turns: 1139, Time: 00:03:02

Health: -3/41      AC:  0    Str: 22    XL:     4   Next: 3%
Magic:  3/3        EV: 12    Int:  4    God:    Trog [**....]
Gold:   40         SH:  0    Dex: 11    Spells: 3/3 levels left

rFire   . . .        a - +0 hand axe
rCold   . . .        (no shield)
rNeg    . . .        (no body armour)
rPois   .            (helmet restricted)
rElec   .            (no cloak)
rCorr   .            (no gloves)
SInv    .            (no boots)
Will    .....        (no amulet)
Stlth   +            (no ring)
HPRegen 0.26/turn    (no ring)
MPRegen 0.08/turn

%: no passive effects
@: no status effects
A: horns 2, retaliatory headbutt
a: Renounce Religion, Berserk, Trog's Hand


You were on level 2 of the Dungeon.
You worshipped Trog.
Trog was pleased with you.
You visited 1 branch of the dungeon, and saw 2 of its levels.

You collected 40 gold pieces.

Inventory:

Hand Weapons
 a - a +0 hand axe (weapon)
Armour
 b - a +0 animal skin
 f - a +0 ring mail
Talismans
 g - a flux talisman
Scrolls
 c - 2 scrolls of identify {unknown}
 e - a scroll of brand weapon {unknown}
Potions
 d - 2 potions of ambrosia {unknown}


   Skills:
 + Level 4.5 Fighting
 + Level 4.9 Axes
 + Level 2.6 Armour
 + Level 2.5 Dodging
 + Level 0.1 Stealth


You had 3 spell levels left.
You didn't know any spells.
Your spell library was empty.

Dungeon Overview and Level Annotations

Branches:
Dungeon (2/15)

Altars:


Innate Abilities, Weirdness & Mutations

You have a pair of horns on your head.
You reflexively headbutt those who attack you in melee.


Message History

You recover from your berserk rage.
You start resting.
A quokka comes into view.
A quokka is nearby!
A quokka is nearby!
A quokka is nearby!
You hit the quokka.
The quokka is moderately wounded.
The quokka bites you.
* * * LOW HITPOINT WARNING * * *
The quokka barely misses you.
You closely miss the quokka.
The quokka is moderately wounded.
The quokka bites you.
* * * LOW HITPOINT WARNING * * *
You hit the quokka.
You kill the quokka!
Trog accepts your kill.
You have reached level 4!
You feel stronger.
Unknown command.
You start resting.
A hobgoblin comes into view.
A hobgoblin is nearby!
You see here a quokka corpse.
The hobgoblin shouts!
You hear a shout!
You hit the hobgoblin but do no damage. The hobgoblin hits you.
* * * LOW HITPOINT WARNING * * *
You closely miss the hobgoblin. The hobgoblin closely misses you.
You closely miss the hobgoblin. Your headbutt misses the hobgoblin.
The hobgoblin misses you.
You hit the hobgoblin. You headbutt the hobgoblin.
You kill the hobgoblin!
Trog accepts your kill.
A hobgoblin comes into view. It is wielding a +0 club.
The hobgoblin hits you with a +0 club!
* * * LOW HITPOINT WARNING * * *
You see here 3 gold pieces.
The hobgoblin hits you with a +0 club!
You die...

... .. ####.# ....# ##
##...#... #####.<....##
#......†..... ...######
#.#...†).....
......g@####.#..........
.#..###$.....)....#.....
#.†..).)....##....
##....).)...##.#.#
#..)...)....#.#..
#.............# .
#..........#..#
......###....###.#
#....(. ..........


You could see a hobgoblin.

Vanquished Creatures
  Robin (D:2)
  An adder (D:2)
  3 dart slugs
  2 bats (D:1)
  4 endoplasms
  2 giant cockroaches
  10 goblins
  4 hobgoblins
  2 jackals (D:2)
  3 quokkas
  3 frilled lizards
  3 kobolds
  A rat (D:1)
39 creatures vanquished.

Notes
Turn   | Place    | Note
-------+----------+-------------------------------------------
     0 | D:1      | Aj7335 the Minotaur Berserker began the quest for the Orb.
     0 | D:1      | Reached XP level 1. HP: 19/19 MP: 0/0
    92 | D:1      | Reached XP level 2. HP: 27/27 MP: 1/1
   892 | D:2      | Reached XP level 3. HP: 28/33 MP: 2/2
  1010 | D:2      | Noticed Robin
  1029 | D:2      | Killed Robin
  1032 | D:2      | Reached ** piety under Trog
  1068 | D:2      | HP: 1/34 [goblin/+0 club[Robin] (4)]
  1085 | D:2      | HP: 1/34 [quokka (2)]
  1087 | D:2      | Reached XP level 4. HP: 1/41 MP: 3/3
  1139 | D:2      | Slain by a hobgoblin

Illustrated notes

Levels and vault maps discovered:
D:1:      dpeg_arrival_pits, layout_basic
D:2:      layout_rooms, shapermc_ecumenical_altar_mp_vishouse,
          minmay_pentomino_x2, uniq_crazy_yiuf_cottage, uniq_robin

Skill      XL: |  1  2 |
---------------+-------+-----
Fighting       | 4 |  4.5
Axes           | 4 |  4.9
Armour         | |  2.6
Dodging        | |  2.5
Stealth        | |  0.1

Action                     |  1- 3 |  4- 6 || total
---------------------------+-------+-------++-------
  Melee: Hand axe          |    82 |     4 ||    86
         Headbutt          |     8 |     1 ||     9
         Punch             |     1 |       ||     1
 Invoke: Berserk           |     1 |       ||     1
 Armour: Animal skin       |     8 |       ||     8
  Dodge: Dodged            |    43 |     2 ||    45

Table legend: (Time is in decaauts)
 A = Elapsed time spent in this place.
 B = Non-inter-level travel time spent in this place.
 C = Inter-level travel time spent in this place.
 D = Time resting spent in this place.
 E = Time spent auto-exploring this place.
 F = Levels seen in this place.
 G = Mean time per level.
                   A        B        C        D        E       F      G
               +--------+--------+--------+--------+--------+-----+--------+
         Total |   1155 |   1000 |    155 |    152 |    641 |   2 |  577.5 |
       Dungeon |   1155 |   1000 |    155 |    152 |    641 |   2 |  577.5 |
               +--------+--------+--------+--------+--------+-----+--------+

Top non-repeatable levels by time:
     D:1: 887 daAuts
     D:2: 267 daAuts
